AoeStats
← old f1sh

Nomad

509618387Analyzed
4v4 RM · 4d ago on Sep 27, 2026· 60m 17s· 8 players
Game mode
Random Map
Map size
231×231
Population
200
Speed
Normal
Resources
Standard
Victory
Conquest
Starting age
Dark Age
Ending age
Imperial Age
RankedLock teamsTeams togetherTeam positionsShared explorationLock speedFull tech treeHidden civsTurbo modeCheats
Victory
Defeat
🇨🇳 Danes · China
1515
+11
🇨🇳 Varangians · China
1435
+14
🇮🇳 Portuguese · India
1431
+14
🇺🇸 Teutons · United States
1423
+15
🇨🇳 Burmese · China
1437
-15
1431
-15
🇪🇸 Spanish · Spain
1424
-15
🇨🇳 Danes · China
1285
-9
Azwad
4:52 Loom
14:57 Feudal Age
19:01 Castle Age
17:05 Stone Mining
17:05 Double-Bit Axe
21:07 Wheelbarrow
20:18 Town Watch
21:11 Fletching
22:23 Hand Cart
24:56 Bow Saw
24:50 Gold Mining
25:04 Horse Collar
27:14 Redemption
37:44 Imperial Age
39:05 Masonry
40:19 Conscription
40:37 Bodkin Arrow
41:10 Ballistics
46:19 Forging
46:09 Scale Mail Armor
57:54 Heavy Plow
59:48 Crop Rotation
59:52 Town Patrol
60:01 Squires
59:47 Arson
59:41 Elite Teutonic Knight
61:08 Iron Casting
60:48 Chain Mail Armor
23
4:35 Loom
13:43 Feudal Age
17:36 Castle Age
16:16 Double-Bit Axe
16:12 Fishing Lines
16:58 Gold Mining
17:11 Horse Collar
18:17 Scale Barding Armor
18:38 Bow Saw
19:31 Heavy Plow
21:16 Forging
22:46 Town Watch
25:01 Wheelbarrow
24:32 Stone Mining
24:45 Husbandry
26:15 Hand Cart
31:37 Imperial Age
31:43 Stone Shaft Mining
31:12 Fletching
33:25 Chemistry
33:19 Padded Archer Armor
34:20 Leather Archer Armor
34:30 Arquebus
36:29 Siege Engineers
37:36 Two-Man Saw
37:04 Conscription
36:54 Circumnavigation
38:46 Crop Rotation
38:47 Coinage
39:11 Ring Archer Armor
39:05 Ballistics
40:46 Elite Organ Gun
41:18 Elite Skirmisher
42:56 Bodkin Arrow
42:35 Elite Skirmisher
43:37 Bracer
43:19 Treadmill Crane
43:50 Masonry
45:57 Scale Mail Armor
46:32 Iron Casting
45:19 Pikeman
45:26 Crossbowman
46:20 Halberdier
48:03 Chain Mail Armor
48:49 Blast Furnace
49:21 Plate Mail Armor
57:01 Arson
57:53 Town Patrol
58:29 Banking
58:09 Guilds
60:40 Architecture
60:02 Guard Tower
60:36 Bombard Tower
涅槃重生
7:19 Loom
14:46 Feudal Age
17:02 Stone Mining
19:59 Castle Age
17:44 Horse Collar
22:16 Fletching
23:50 Wheelbarrow
23:01 Town Watch
23:03 Double-Bit Axe
26:26 Scale Barding Armor
27:07 Forging
28:04 Fishing Lines
30:41 Gold Mining
31:27 Stone Shaft Mining
32:34 Bodkin Arrow
37:49 Imperial Age
35:33 Bow Saw
36:24 Chain Barding Armor
38:07 Heavy Plow
38:39 Scale Mail Armor
39:17 Plate Barding Armor
39:18 Iron Casting
40:23 Ballistics
41:15 Two-Man Saw
41:41 Conscription
43:20 Blast Furnace
43:13 Bloodlines
43:04 Husbandry
42:28 Elite Jarl
42:30 Vendel Legacy
42:36 Vendel Legacy
43:48 Vendel Legacy
45:08 Capped Ram
48:20 Siege Ram
48:42 Light Cavalry
49:11 Hussar
old f1sh
11:40 Loom
14:08 Feudal Age
14:47 Town Watch
18:38 Castle Age
16:49 Double-Bit Axe
18:55 Horse Collar
36:59 Horse Collar
38:17 Wheelbarrow
39:47 Bow Saw
40:09 Gold Mining
40:25 Fishing Lines
43:33 Imperial Age
43:13 Hand Cart
43:14 Heavy Plow
43:50 Gold Shaft Mining
43:06 Stone Mining
43:44 Heavy Scorpion
46:19 Chemistry
45:53 Ballistics
45:10 Capped Ram
46:02 Siege Engineers
48:03 Siege Ram
50:23 Masonry
51:21 Fletching
51:38 Northmen's Fury
57:22 Bodkin Arrow
57:57 Bracer
58:21 Scale Mail Armor
58:31 Forging
58:42 Onager
60:31 Stone Shaft Mining
59:56 Pikeman
60:37 Squires
60:22 Gambesons
60:23 Arson
60:55 Chain Mail Armor
61:15 Iron Casting
上京皇族·耶律·GOOD
6:36 Loom
17:40 Feudal Age
18:44 Double-Bit Axe
24:56 Castle Age
33:00 Castle Age
30:53 Fishing Lines
47:22 Gillnets
51:20 Wheelbarrow
55:27 Imperial Age
54:06 Wheelbarrow
53:18 Town Watch
MaverickGG1403
4:48 Loom
13:23 Feudal Age
17:45 Castle Age
15:48 Double-Bit Axe
15:56 Stone Mining
16:37 Gold Mining
17:14 Fishing Lines
19:26 Bow Saw
19:40 Scale Barding Armor
19:35 Town Watch
26:46 Horse Collar
28:37 Wheelbarrow
32:15 Imperial Age
30:21 Husbandry
30:31 Bloodlines
32:56 Chain Barding Armor
33:21 Stone Shaft Mining
33:12 Medium Warships
33:47 Conscription
34:32 Plate Barding Armor
37:11 Forging
37:20 Cavalier
38:37 Iron Casting
44:37 Blast Furnace
45:12 Blast Furnace
44:09 Paladin
46:32 Fletching
48:08 Hoardings
49:06 Bodkin Arrow
50:44 Bracer
54:42 Two-Man Saw
53:43 Heavy Plow
53:47 Scale Mail Armor
qw75985
5:37 Loom
13:59 Feudal Age
17:36 Castle Age
15:27 Horse Collar
16:26 Gold Mining
16:57 Fishing Lines
19:13 Fletching
20:12 Padded Archer Armor
31:10 Imperial Age
29:09 Horse Collar
30:40 Wheelbarrow
29:51 Town Watch
34:10 Conscription
34:07 Hand Cart
33:53 Heavy Plow
34:54 Elite Arambai
37:03 Conscription
36:43 Howdah
38:22 Manipur Cavalry
39:00 Gold Shaft Mining
38:55 Crop Rotation
38:45 Husbandry
38:55 Bodkin Arrow
40:01 Bloodlines
40:53 Scale Barding Armor
40:59 Forging
41:52 Stone Mining
42:40 Chain Barding Armor
43:50 Howdah
45:06 Plate Barding Armor
45:47 Iron Casting
46:25 Coinage
47:22 Elite Battle Elephant
49:07 Onager
Empire_Warrior
10:14 Loom
13:28 Feudal Age
17:52 Castle Age
17:42 Double-Bit Axe
18:59 Bow Saw
26:02 Horse Collar
26:58 Heavy Plow
30:52 Stone Mining
34:17 Imperial Age
34:00 Scale Mail Armor
34:10 Forging
36:00 Chain Mail Armor
36:36 Iron Casting
38:51 Plate Mail Armor
44:28 Town Watch
45:23 Wheelbarrow
48:41 Blast Furnace
48:42 Gold Mining
51:18 Elite Jomsviking
53:25 Conscription
53:32 Conscription
54:05 Fletching
54:16 Padded Archer Armor
54:52 Bodkin Arrow
Connection lost

Rejoining the realm…

Still unreachable

The connection could not be restored.

Session expired

The server has moved on; the page needs a fresh start.